 Dungeon Crawl Stone Soup version 0.21-a0-125-gb006224 (webtiles) character file.

97 namelastname112 the Shooter (level 4, -6/57 HPs)
             Began as a Draconian Wanderer on July 15, 2017.
             Killed by divine providence
             ... invoked by an orc priest
              (11 damage)
             ... on level 2 of the Dungeon.
             The game lasted 00:02:10 (1519 turns).

namelastname112 the Shooter (Draconian Wanderer)    Turns: 1519, Time: 00:02:10

Health: -6/57      AC: 22    Str: 19    XL:     4   Next: 42%
Magic:  4/4        EV:  2    Int: 12    God:
Gold:   65         SH:  0    Dex:  7    Spells: 3/3 levels left

rFire    + . .     SeeInvis .   b - +0 spear
rCold    . . .     Gourm    .   (no shield)
rNeg     + + +     Faith    .   (armour unavailable)
rPois    +         Spirit   .   (helmet currently unavailable)
rElec    .         Reflect  .   (cloak currently unavailable)
rCorr    .         Harm     .   (gloves currently unavailable)
MR       .....     NoTele   +   (boots currently unavailable)
Stlth    +.........             (no amulet)
HPRegen  0.19/turn              p - ring of protection from fire
MPRegen  0.09/turn              (no ring)

@: tree-form
A: unfitting armour, AC +5
a: no special abilities


You were on level 2 of the Dungeon.
You were not hungry.
You were a tree.
You visited 1 branch of the dungeon, and saw 2 of its levels.

You collected 65 gold pieces.

Inventory:

Hand Weapons
 a - a +2 shortbow
 b - a +0 spear (weapon)
Missiles
 d - 48 arrows
Jewellery
 p - a ring of protection from fire (left branch)
 q - an uncursed ring of ice {unknown}
Scrolls
 e - 2 scrolls of identify {unknown}
 g - a scroll of fog {unknown}
 h - a scroll of enchant armour {unknown}
 i - a scroll of recharging {unknown}
 j - a scroll of amnesia {unknown}
 m - 2 scrolls of blinking {unknown}
 n - a scroll of remove curse {unknown}
 o - a scroll of teleportation {unknown}
Potions
 c - a potion of lignification
 k - a potion of heal wounds {unknown}
Comestibles
 f - a bread ration
 l - 2 fruits
 r - 2 chunks of flesh


   Skills:
 + Level 3.0 Fighting
 + Level 2.4 Polearms
 * Level 3.6 Bows
 + Level 1.6 Dodging
 - Level 1.0 Stealth
   Level 2.0 Shields


You had 3 spell levels left.
You didn't know any spells.

Dungeon Overview and Level Annotations

Branches:
Dungeon (2/15)

Altars:


Innate Abilities, Weirdness & Mutations

((Your plain brown scales are hard. (AC +5)))
You cannot fit into any form of body armour.
((You are cold-blooded and may be slowed by cold attacks.))


Message History

* * * LOW HITPOINT WARNING * * *
You take 11 damage, and have 3/38 hp.
MASSIVE DAMAGE!!
You turn into a tree.
Your roots penetrate the ground.
The orc priest hits you but does no damage.
You now have 4/57 hp.
You barely miss the orc priest.
The orc priest hits you but does no damage.
You hit the orc priest but do no damage.
The orc priest hits you but does no damage.
You hit the orc priest.
The orc priest is lightly wounded.
The orc priest looks satisfied for a moment.
You hit the orc priest.
The orc priest is moderately wounded.
The orc priest hits you but does no damage.
You hit the orc priest.
The orc priest is heavily wounded.
The orc priest invokes the aid of Beogh against you.
Beogh smites you!
You die...

#####..###.#
# #..#
#.###### #
#..#
#.##...######
#..#
#.#..#.......
####>.#
#...###.#####
#..[).#
###..#..# #
#.##.##
##...## ###
##. #.#
#..#####..
#...#♣#
#.........
#.o.#
#.<####...
#...### #..#
#... ##.#
#..# #... #.
#..# # #..#
#.. ..####..#
# #.#
......... #.
#.# #####..#


You could see an orc priest.

Vanquished Creatures
  An orc priest (D:2)
  3 adders (D:2)
  2 dart slugs (D:1)
  A leopard gecko (D:1)
  3 orcs (D:2)
  A giant cockroach (D:2)
  A hobgoblin (D:2)
  4 jackals (D:2)
  A quokka (D:2)
  5 bats
  3 frilled lizards
  4 goblins
  3 kobolds
  4 rats
36 creatures vanquished.

Notes
Turn   | Place    | Note
-------+----------+-------------------------------------------
     0 | D:1      | namelastname112 the Draconian Wanderer began the quest for the Orb.
     0 | D:1      | namelastname112 set off with: a +2 shortbow, 26 arrows, a potion of lignification, a +0 spear, a bread ration
     0 | D:1      | Reached XP level 1. HP: 17/17 MP: 1/1
    77 | D:1      | Reached skill level 1 in Dodging
    77 | D:1      | Reached XP level 2. HP: 24/25 MP: 2/2
   801 | D:2      | Reached XP level 3. HP: 16/30 MP: 3/3
  1484 | D:2      | Reached XP level 4. HP: 26/38 MP: 4/4
  1519 | D:2      | Killed from afar by an orc priest

Vault maps used:
D:1:      dpeg_arrival_simpleton_b
D:2:      chequers_ecumenical_altar_simple_redux, kennysheep_cross_bottleneck

Skill      XL: |  1  2  3 |
---------------+----------+-----
Dodging        | 1 |  1.6
Bows           | 3 |  3.6
Fighting       | 3 |  3.0
Polearms       | |  2.4
Stealth        | |  1.0
Shields        | |  2.0

Action                   |  1- 3 |  4- 6 || total
-------------------------+-------+-------++-------
Melee: Spear             |   167 |    22 ||   189
       Tailslap          |    10 |     4 ||    14
 Fire: Shortbow          |     8 |       ||     8
  Use: Potion            |       |     1 ||     1
 Stab: Sleeping          |     2 |       ||     2
  Eat: Chunk             |     2 |       ||     2
Armor: Skin              |    61 |     8 ||    69
Dodge: Dodged            |   102 |     5 ||   107
